 Dungeon Sprint DCSS version 0.31-a0-844-gdc52ec4e09 (webtiles) character file.

Game seed: 16472760429187624187

562 sircluck the Grappler (level 7, -4/79 HPs)
             Began as a Troll Berserker on Sept 30, 2023.
             Was a Believer of Trog.
             Slain by a komodo dragon (24 damage)
             ... in the Dungeon (Sprint VII: "The Pits").
             The game lasted 00:00:30 (44 turns).

sircluck the Grappler (Troll Berserker)               Turns: 44, Time: 00:00:31

Health: -4/79      AC:  4    Str: 28    XL:     7   Next: 10%
Magic:  6/6        EV: 11    Int:  3    God:    Trog [**....]
Gold:   0          SH:  0    Dex:  9    Spells: 6/6 levels left

rFire   . .          .
                       - Unarmed
rCold   . . .        (no shield)
rNeg    . . .        a - +0 animal skin
rPois   .            (helmet restricted)
rElec   .            (no cloak)
rCorr   .            (gloves unavailable)
SInv    .            (boots unavailable)
Will    .....        (no amulet)
Stlth   +            (no ring)
HPRegen 1.13/turn    (no ring)
MPRegen 0.10/turn

%: no teleportation
@: on berserk cooldown, slowed, very slow
A: large, unfitting armour, claws 3, regeneration 1, shaggy fur 1, tough skin 1
a: Renounce Religion, Berserk, Trog's Hand


You were in the Dungeon.
You worshipped Trog.
Trog was pleased with you.
You visited 1 branch

Inventory:

Armour
 a - a +0 animal skin (worn)
Potions
 b - a potion of curing
 c - a potion of heal wounds
 d - a potion of haste
 e - 2 potions of magic
 f - a potion of berserk rage


   Skills:
 + Level 7.9 Fighting
 + Level 7.8 Dodging
 + Level 9.4 Unarmed Combat


You had 6 spell levels left.
You didn't know any spells.
Your spell library was empty.

Dungeon Overview and Level Annotations

Branches:
Dungeon (1/1)

Altars:


Innate Abilities, Weirdness & Mutations

You are too large for most types of armour.
You have claws for hands.
Your natural rate of healing is unusually fast.
You are covered in fur. (AC +1)
You have tough skin. (AC +1)


Message History

You mangle the deep elf zephyrmancer!!
You kill the deep elf zephyrmancer!
Trog accepts your kill.
Trog appreciates your killing of a magic user.
You can now call upon Trog for regeneration and willpower.
Your Fighting skill gained 3 levels and is now at level 7!
Your Dodging skill gained 3 levels and is now at level 7!
Your Unarmed Combat skill gained 4 levels and is now at level 9!
You have reached level 5!
You have reached level 6!
You feel stronger.
You have reached level 7!
Unknown command.
Unknown command.
A komodo dragon comes into view.
The komodo dragon hisses angrily.
The komodo dragon bites you!!
* * * LOW HITPOINT WARNING * * *
Things that are here:
a +0 long sword; an elf corpse You barely miss the komodo dragon.
You barely miss the komodo dragon. The komodo dragon barely misses you.
You are no longer berserk.
You are exhausted.
You feel yourself slow down.
Blink to where?
Press: ? - help, Q - select action, (/) - cycle Dir - move target
As you read the scroll of blinking, it crumbles to dust.
You open the door.
A rat comes into view.
You mangle the rat!!
You kill the rat!
Trog accepts your kill. The komodo dragon bites you!
* * * LOW HITPOINT WARNING * * *
There is an open door to the Storerooms (Easy) here.
You see here a rat corpse.
The komodo dragon attacks as it pursues you!
The komodo dragon barely misses you. The komodo dragon bites you!!
You die...

##########++#### #+
#............... +.
#......#..#.....
######.##...............
.......@l...............
###+#####......#..#.....
#...............
####'#####''####
#.......##''#
#.......##..##
#.......##..l##
#...<...###...##
#.......# ##)...


You could see a komodo dragon.

Vanquished Creatures
  A deep elf zephyrmancer (D)
  An ice beast (D)
  A rat (D)
3 creatures vanquished.

Notes
Turn   | Place    | Note
-------+----------+-------------------------------------------
     0 | D        | sircluck the Troll Berserker began the quest for the Orb.
     0 | D        | Reached XP level 1. HP: 22/22 MP: 0/0
    16 | D        | Noticed an ice beast
    16 | D        | Noticed a deep elf zephyrmancer
    16 | D        | Noticed a bog body
    24 | D        | Killed an ice beast
    25 | D        | Reached skill level 5 in Unarmed Combat
    25 | D        | Reached XP level 2. HP: 10/33 MP: 1/1
    25 | D        | Reached XP level 3. HP: 13/41 MP: 2/2
    25 | D        | Reached XP level 4. HP: 15/49 MP: 3/3
    28 | D        | Killed a deep elf zephyrmancer
    28 | D        | Reached ** piety under Trog
    29 | D        | Reached skill level 9 in Unarmed Combat
    29 | D        | Reached XP level 5. HP: 23/63 MP: 4/4
    29 | D        | Reached XP level 6. HP: 26/72 MP: 5/5
    29 | D        | Reached XP level 7. HP: 29/79 MP: 6/6
    29 | D        | Noticed a komodo dragon
    44 | D        | Slain by a komodo dragon

Illustrated notes

Levels and vault maps discovered:
D:        pitsprint [storerooms_1, entrance_room_1, metal_vault_5, armoury_3,
          mini_pit_1, grid_room_1, main_hall_1, silver_pit, the_coven_1,
          the_vestibule_1, steel_vault_5, golden_pit, hallway_of_sentries,
          crystal_vault_1, iron_vault_4, final_vault]

Skill      XL: |  1  2  3  4 |
---------------+-------------+-----
Fighting       | 4 7 |  7.9
Dodging        | 4 7 |  7.8
Unarmed Combat | 5 9 |  9.4

Action                     |  1- 3 |  4- 6 |  7- 9 || total
---------------------------+-------+-------+-------++-------
  Melee: Unarmed           |     5 |     4 |     3 ||    12
 Invoke: Berserk           |     1 |       |       ||     1
    Use: Scroll            |       |       |     1 ||     1
 Armour: Animal skin       |     3 |       |     3 ||     6
  Dodge: Dodged            |       |     1 |     2 ||     3

Table legend: (Time is in decaauts)
 A = Elapsed time spent in this place.
 B = Non-inter-level travel time spent in this place.
 C = Inter-level travel time spent in this place.
 D = Time resting spent in this place.
 E = Time spent auto-exploring this place.
 F = Levels seen in this place.
 G = Mean time per level.
                   A        B        C        D        E       F      G
               +--------+--------+--------+--------+--------+-----+--------+
         Total |     44 |     44 |      0 |      0 |     16 |   1 |   44.0 |
       Dungeon |     44 |     44 |      0 |      0 |     16 |   1 |   44.0 |
               +--------+--------+--------+--------+--------+-----+--------+

Top non-repeatable levels by time:
       D: 44 daAuts
